 Dungeon Crawl Stone Soup version 0.27.1-3-gb3d3a73c9e (webtiles) character file.

Game seed: 10317619650429381830

131 Urokeeper the Sneak (level 5, -11/33 HPs)
             Began as a Kobold Brigand on Oct 18, 2021.
             Mangled by Crazy Yiuf (19 damage)
             ... on level 2 of the Dungeon.
             The game lasted 00:07:00 (2896 turns).

Urokeeper the Sneak (Kobold Brigand)                Turns: 2896, Time: 00:07:01

Health: -11/33     AC: 12    Str:  9    XL:     5   Next: 37%
Magic:  3/5        EV:  2    Int: 12    God:
Gold:   43         SH:  0    Dex: 17    Spells: 4/4 levels left

rFire    . . .     SeeInvis .   o - +2 dagger (pain)
rCold    . . .     Faith    .   (shield restricted)
rNeg     . . .     Spirit   .   m - +0 plate armour
rPois    .         Reflect  .   h - +0 helmet
rElec    .         Harm     .   c - +0 cloak
rCorr    .         Rampage  .   (no gloves)
Will     .....                  (no boots)
Stlth    ..........             (no amulet)
HPRegen  0.11/turn              (no ring)
MPRegen  0.09/turn              (no ring)

@: no status effects
A: small, no large weapons, nightstalker 3
a: no special abilities


You were on level 2 of the Dungeon.
You visited 1 branch of the dungeon, and saw 2 of its levels.

You collected 43 gold pieces.

Inventory:

Hand Weapons
 a - a +2 dagger
 f - a +0 short sword
 o - a +2 dagger of pain (weapon)
Missiles
 d - 8 poisoned darts
 i - a curare-tipped dart (quivered)
Armour
 b - a +0 robe
 c - a +0 cloak (worn)
 h - a +0 helmet (worn)
 j - a +0 leather armour
 m - a +0 plate armour (worn)
Jewellery
 g - an amulet of faith
Scrolls
 k - a scroll of fear {unknown}
 l - a scroll of vulnerability {unknown}
 n - a scroll of fog {unknown}


   Skills:
 * Level 4.0 Fighting
 * Level 4.7 Short Blades
 - Level 2.1 Throwing
 + Level 0.4 Armour
 - Level 2.3 Dodging
 - Level 5.3 Stealth


You had 4 spell levels left.
You didn't know any spells.
Your spell library contained the following spells:

 Spells                   Type           Power      Damage    Failure   Level
 Animate Skeleton         Necr           0%         N/A       100%        1
 Apportation              Tloc           0%         N/A       100%        1
 Corona                   Hex            0%         N/A       100%        1
 Summon Small Mammal      Summ           0%         N/A       100%        1


Dungeon Overview and Level Annotations

Branches:
Dungeon (2/15)

Altars:

Annotations:
D:2 Crazy Yiuf


Innate Abilities, Weirdness & Mutations

You are small and have problems with some larger weapons.
You are completely attuned to the shadows.


Message History

Could not explore, unopened runed door.
Could not explore, unopened runed door.
Could not explore, unopened runed door.
Could not explore, unopened runed door.
You open the door.
Throw: 2 darts (curare)
Press: ? - help, Q - select action, (/) - cycle Shift-Dir - straight line, f - Crazy Yiuf
Aim: Crazy Yiuf, wielding a +3 quarterstaff of chaos and wearing a +0 cloak (63% to hit)
You throw a curare-tipped dart. The curare-tipped dart hits Crazy Yiuf.
Crazy Yiuf is poisoned.
Crazy Yiuf convulses.
Crazy Yiuf seems to slow down.
Crazy Yiuf is moderately wounded.
Crazy Yiuf hits you with a +3 quarterstaff of chaos.
There is an open translucent door here.
You barely miss Crazy Yiuf.
Crazy Yiuf is moderately wounded.
Crazy Yiuf says, "Crazy?
Crazy!?
PORCUPINE!"
Crazy Yiuf hits you with a +3 quarterstaff of chaos.
Crazy Yiuf burns you.
You closely miss Crazy Yiuf.
Crazy Yiuf is moderately wounded.
You hit Crazy Yiuf.
Crazy Yiuf is moderately wounded.
Crazy Yiuf hits you with a +3 quarterstaff of chaos.
Crazy Yiuf freezes you.
You hit Crazy Yiuf.
Crazy Yiuf is heavily wounded.
Your plate armour prevents you from hitting Crazy Yiuf.
Crazy Yiuf is severely wounded.
Crazy Yiuf flaps his cloak.
Crazy Yiuf hits you with a +3 quarterstaff of chaos!
* * * LOW HITPOINT WARNING * * *
You feel your power leaking away.
You hit Crazy Yiuf.
Crazy Yiuf is severely wounded.
You hit Crazy Yiuf but do no damage.
Crazy Yiuf is severely wounded.
Crazy Yiuf hits you but does no damage. Space warps horribly around you!!
Ouch! That really hurt!
You die...

#.#.....# #
#.#.....###
#.#........
#..........
#.......###
#.#.....### ####♣♣
#### #.#.....##.
##.+..♣♣ ♣♣#..)#
#.....####.
#......♣♣♣♣.@g..#
#..#### #.
#.......♣..♣#...#
#.## #. #..+...♣.♣♣♣
#### #.# ##
#.###♣♣♣♣♣ #.# # #.#
#.# # #.# #.# # #.#
#.# #
#.############### #.#
#
#...............###.#
#######


You could see Crazy Yiuf (very poisoned, slow).

Vanquished Creatures
  Robin (D:2)
  A gnoll (D:1)
  5 adders (D:2)
  A worm (D:2)
  A dart slug (D:1)
  2 ball pythons (D:2)
  2 bats
  An endoplasm (D:2)
  A giant cockroach (D:1)
  10 hobgoblins
  9 jackals
  6 kobolds
  A quokka (D:2)
  3 frilled lizards
  11 goblins
  2 rats (D:2)
57 creatures vanquished.

Notes
Turn   | Place    | Note
-------+----------+-------------------------------------------
     0 | D:1      | Urokeeper the Kobold Brigand began the quest for the Orb.
     0 | D:1      | Reached XP level 1. HP: 12/12 MP: 1/1
   186 | D:1      | Reached XP level 2. HP: 18/18 MP: 2/2
   486 | D:1      | Reached XP level 3. HP: 5/22 MP: 3/3
  1478 | D:2      | Reached XP level 4. HP: 28/28 MP: 4/4
  2084 | D:2      | Noticed an eye of devastation
  2085 | D:2      | Found a faded altar of an unknown god.
  2085 | D:2      | Noticed a floating eye
  2104 | D:2      | Noticed a golden eye
  2104 | D:2      | Noticed a great orb of eyes
  2274 | D:2      | Reached XP level 5. HP: 33/33 MP: 5/5
  2412 | D:2      | Noticed Robin
  2434 | D:2      | Killed Robin
  2736 | D:2      | Found a runed translucent door.
  2739 | D:2      | Noticed Crazy Yiuf
  2896 | D:2      | Mangled by Crazy Yiuf

Illustrated notes

Levels and vault maps discovered:
D:1:      roderic_crossed_star, layout_loops_ring
D:2:      layout_rooms, hellmonk_ecumenical_altar_watching_god,
          kennysheep_generic_room_14, uniq_crazy_yiuf_cottage, uniq_robin

Skill      XL: |  1  2  3  4  5 |
---------------+----------------+-----
Short Blades   | 3 4 |  4.7
Fighting       | 3 4 |  4.0
Dodging        | 2 |  2.3
Throwing       | |  2.1
Armour         | |  0.4
Stealth        | |  5.3

Action                   |  1- 3 |  4- 6 || total
-------------------------+-------+-------++-------
Melee: Dagger            |    68 |   169 ||   237
Throw: Dart              |       |     3 ||     3
  Use: Potion            |     1 |     2 ||     3
 Stab: Sleeping          |     6 |     8 ||    14
Armor: Leather armour    |    13 |     5 ||    18
       Plate armour      |       |    97 ||    97
Dodge: Dodged            |    37 |    22 ||    59
